 Dungeon Crawl Stone Soup version 0.22.1-5-g62c59d919a (webtiles) character file.

21009 Gargoyl the Schismatic (level 12, -1/103 HPs)
             Began as a Centaur Abyssal Knight on Jan 12, 2019.
             Was an Elder of Lugonu.
             Slain by a spiny frog (17 damage)
             ... on level 3 of the Lair of Beasts.
             The game lasted 00:31:00 (16912 turns).

Gargoyl the Schismatic (Centaur Abyssal Knight)    Turns: 16912, Time: 00:31:01

Health: -1/103     AC: 14    Str: 19    XL:     12   Next: 50%
Magic:  19/19      EV:  5    Int: 11    God:    Lugonu [****..]
Gold:   328        SH:  9    Dex: 11    Spells: 11/11 levels left

rFire    + + .     SeeInvis .   F - +6 war axe (freeze)
rCold    . . .     Gourm    .   g - +0 shield
rNeg     . . .     Faith    .   h - +1 chain mail {rF+}
rPois    .         Spirit   .   (helmet restricted)
rElec    .         Reflect  .   (no cloak)
rCorr    .         Harm     .   K - +2 pair of gloves
MR       .....     Clarity  +   (no barding)
Stlth    ..........             (no amulet)
HPRegen  0.27/turn              M - ring of protection from fire
MPRegen  0.16/turn              b - +3 ring of strength

@: lethally poisoned (-1 -> -10), very quick
A: large, hooves 3, horns 1, clarity, deformed body, speed 2, tough skin 3, weak
1
a: Depart the Abyss, Bend Space, Banish, Corrupt, Renounce Religion


You were on level 3 of the Lair of Beasts.
You worshipped Lugonu.
Lugonu was greatly pleased with you.
You were very hungry.

You visited 2 branches of the dungeon, and saw 13 of its levels.
You visited the Abyss 1 time.

You collected 740 gold pieces.
You spent 412 gold pieces at shops.

Inventory:

Hand Weapons
 a - a +1 hand axe
 r - a +2 hand axe of chopping
 F - a +6 war axe of freezing (weapon)
Missiles
 H - 5 tomahawks (quivered)
Armour
 g - a +0 shield (worn)
 h - a +1 chain mail of fire resistance (worn)
 y - a +2 helmet
 K - a +2 pair of gloves (worn)
Jewellery
 b - a +3 ring of strength (right hand)
 t - an uncursed ring of resist corrosion
 E - an uncursed ring of poison resistance
 I - an uncursed ring of see invisible
 M - a ring of protection from fire (left hand)
Wands
 f - a wand of acid (9)
 u - a wand of random effects (55)
 z - a wand of iceblast (20)
 A - a wand of clouds (5)
 D - a wand of disintegration (11)
 L - a wand of flame (28)
Scrolls
 d - 2 scrolls of identify
 e - 7 scrolls of teleportation
 n - 2 scrolls of amnesia
 s - 2 scrolls of magic mapping
 v - a scroll of fog
 x - 5 scrolls of remove curse
Potions
 i - a potion of ambrosia
 j - 6 potions of curing
 k - 2 potions of heal wounds
 l - 3 potions of lignification
 m - 2 potions of flight
 o - 2 potions of might
 q - a potion of cancellation
 G - a potion of berserk rage
Comestibles
 c - 20 rations


   Skills:
 + Level 8.6 Fighting
 + Level 9.3 Axes
 + Level 1.3 Throwing
 * Level 9.5 Armour
 + Level 2.4 Dodging
 + Level 4.3 Shields
 * Level 10.5 Invocations
 + Level 0.7 Evocations


You had 11 spell levels left.
You didn't know any spells.
Your spell library contained the following spells:

 Spells                   Type           Power        Failure   Level  Hunger
 Confusing Touch          Hex            #.....       100%        1    ##.....
 Magic Dart               Conj           #...         100%        1    ##.....
 Sandblast                Erth           #.....       100%        1    ##.....
 Blink                    Tloc           N/A          100%        2    ###....
 Call Imp                 Summ           #.......     100%        2    ###....
 Slow                     Hex            #.......     100%        2    ###....
 Confuse                  Hex            #.......     100%        3    ####...
 Conjure Flame            Conj/Fire      #.......     100%        3    ####...
 Gell's Gravitas          Tloc           #.........   100%        3    ####...
 Mephitic Cloud           Conj/Pois/Air  #.......     100%        3    ####...
 Petrify                  Tmut/Erth      #.......     100%        4    #####..
 Bolt of Magma            Conj/Fire/Erth #.........   100%        5    ######.
 Borgnjor's Vile Clutch   Necr/Erth      #.........   100%        5    ######.
 Metabolic Englaciation   Hex/Ice        #.........   100%        5    ######.
 Yara's Violent Unravell  Hex/Tmut       #.........   100%        5    ######.
 Statue Form              Tmut/Erth      #........    100%        6    #######


Dungeon Overview and Level Annotations

Branches:
Dungeon (9/15)             Temple (0/1) D:6            Lair (4/6) D:8
  Swamp (0/4) Lair:3        Snake (0/4) Lair:3
    Orc: D:9-12

Altars:
Fedhas
Gozag
Kikubaaqudgha
Nemelex Xobeh
Sif Muna
Trog
Uskayaw
Vehumet
Wu Jian
Xom
Yredelemnul
The Shining One

Shops:
D:6 =   D:8 *

Annotations:
Abyss:1 Pikel, Prince Ribbit


Innate Abilities, Weirdness & Mutations

You have hooves in place of feet.
Armour fits poorly on your strangely shaped body.
You cover ground very quickly.
You have extremely tough skin. (AC +3)
You have a pair of small horns on your head.
You possess an exceptional clarity of mind.
You are weak. (Str -2)


Message History

The spiny frog is severely wounded.
You feel sick. The spiny frog stings you!
* * * LOW HITPOINT WARNING * * *
You are lethally poisoned!
The spiny frog poisons you!
You feel better. You block the spiny frog's attack.
The spiny frog barely misses you.
You barely miss the spiny frog.
The spiny frog is severely wounded.
The spiny frog barely misses you.
You slash the spiny frog! You freeze the spiny frog.
The spiny frog is almost dead.
The spiny frog stings you but does no damage.
You barely miss the spiny frog.
The spiny frog is almost dead.
The spiny frog stings you!
* * * LOW HITPOINT WARNING * * *
You are poisoned.
The spiny frog poisons you! The spiny frog stings you!
You die...

##.......)###.###.....##§.#.##
####.....# ### #####.P#.P###.
####### #.....###..
###....#... ######## ##..#....
########.#÷>..########...
#####.PP#.###.......#####....
#....)......##Y.......##....#
##...#####..@FY.......#.....#
##### #####Y..............
###......#......
#..######...## #### #....#
######


You could see 3 yaks and a spiny frog.

Vanquished Creatures
  Snorg (Lair:3)
  Fannar (Lair:1)
  2 two-headed ogres (D:9)
  2 death yaks (Lair:1)
  2 black mambas (Lair:1)
  A torpor snail (Lair:1)
  6 spiny frogs
  4 komodo dragons
  Grinder (D:3)
  7 blink frogs
  4 hippogriffs
  Sigmund (D:3)
  4 hogs (D:7)
  14 yaks
  A human (D:7)
  A hungry ghost (D:8)
  Edmund (D:5)
  5 nagas (Lair:3)
  6 porcupines
  3 water moccasins
  6 orc warriors
  A sky beast (D:8)
  2 black bears
  An ice beast (D:7)
  A necrophage (D:8)
  2 ogres
  2 phantoms
  A large abomination (Abyss:3)
  3 centaurs
  5 wolves
  5 crocodiles
  2 big kobolds
  9 bullfrogs
  Blork the orc (D:5)
  A wyvern zombie (D:6)
  A wyvern skeleton (D:7)
  2 scorpions (D:8)
  2 howler monkeys (D:7)
  2 crimson imps
  A centaur zombie (D:7)
  A quasit (D:9)
  4 hounds
  A bullfrog skeleton (D:7)
  6 orc priests
  5 orc wizards
  Terence (D:3)
  2 iguanas
  7 worker ants
  A killer bee zombie (D:6)
  Robin (D:4)
  A worker ant zombie (D:5)
  5 gnolls
  9 adders
  3 shadow imps
  An ooze (D:4)
  2 adder skeletons
  5 worms
  3 dart slugs
  A leopard gecko (D:1)
  37 orcs
  2 giant cockroaches (D:1)
  2 gnoll zombies (D:6)
  10 hobgoblins
  19 jackals
  17 kobolds
  4 quokkas
  3 ball pythons
  9 bats
  A frilled lizard (D:1)
  13 goblins
  A jackal zombie (D:5)
  4 rats
  2 fungi
  4 plants (Lair:3)
304 creatures vanquished.

Vanquished Creatures (others)
  A hydra (D:7)
  2 oklob plants (Lair:3)
  Eustachio (D:6)
  A water moccasin (D:5)
  3 slaves (D:6)
  An ice beast (D:5)
  A crocodile (Lair:1)
  A bullfrog (D:6)
  2 crimson imps (D:7)
  An orc priest (D:6)
  An orc wizard (D:6)
  An iguana (D:7)
  2 orcs (D:6)
  A giant cockroach (D:6)
  2 jackals (D:6)
  A butterfly (D:6)
  A fungus (D:8)
  A plant (Lair:3)
24 creatures vanquished.

Grand Total: 328 creatures vanquished

Notes
Turn   | Place    | Note
-------+----------+-------------------------------------------
     0 | Abyss:1  | Gargoyl the Centaur Abyssal Knight began the quest for the
                  | Orb.
     0 | Abyss:1  | Reached XP level 1. HP: 19/19 MP: 2/2
     1 | Abyss:1  | Found a corrupted altar of Lugonu.
    14 | Abyss:1  | Found a corrupted altar of Lugonu.
    40 | Abyss:2  | Found a corrupted altar of Lugonu.
    92 | Abyss:3  | Noticed a large abomination
   107 | Abyss:3  | Killed a large abomination
   107 | Abyss:3  | Reached XP level 2. HP: 28/28 MP: 3/3
   108 | Abyss:3  | Reached XP level 3. HP: 34/34 MP: 4/4
   108 | Abyss:3  | Reached XP level 4. HP: 41/41 MP: 5/5
   123 | D:1      | Escaped the Abyss
   627 | D:1      | Reached * piety under Lugonu
  1209 | D:2      | Reached skill level 3 in Invocations
  1369 | D:2      | Found an ancient bone altar of Kikubaaqudgha.
  1449 | D:2      | Reached XP level 5. HP: 45/47 MP: 7/7
  2220 | D:3      | Noticed Grinder
  2389 | D:3      | Paralysed by Grinder for 2 turns
  2399 | D:3      | Paralysed by Grinder for 5 turns
  2408 | D:3      | Killed Grinder
  2408 | D:3      | Reached ** piety under Lugonu
  2408 | D:3      | Reached skill level 1 in Dodging
  2408 | D:3      | Reached skill level 1 in Shields
  2408 | D:3      | Reached XP level 6. HP: 44/53 MP: 8/8
  2588 | D:3      | Found a blossoming altar of Fedhas.
  2893 | D:3      | Noticed Terence
  2901 | D:3      | Killed Terence
  3034 | D:3      | Noticed Sigmund
  3068 | D:3      | Killed Sigmund
  3068 | D:3      | Reached skill level 5 in Fighting
  3068 | D:3      | Reached XP level 7. HP: 28/61 MP: 9/9
  3305 | D:3      | Found an opulent altar of Gozag.
  3308 | D:3      | Found an ornate altar of the Wu Jian Council.
  3311 | D:3      | Found a deep blue altar of Sif Muna.
  3514 | D:4      | Reached skill level 4 in Invocations
  3688 | D:4      | Noticed Robin
  3697 | D:4      | Reached *** piety under Lugonu
  3701 | D:4      | Killed Robin
  4536 | D:5      | Entered Level 5 of the Dungeon
  4565 | D:5      | Noticed Blork the orc
  4587 | D:5      | Killed Blork the orc
  4761 | D:5      | Noticed Edmund
  4780 | D:5      | Killed Edmund
  4780 | D:5      | Reached XP level 8. HP: 48/68 MP: 11/11
  4974 | D:5      | Noticed a hand axe
  4974 | D:5      | Noticed a dagger
  5087 | D:5      | Found a hide-covered altar of Uskayaw.
  5335 | D:5      | HP: 1/69 [orc priest/divine providence (12)]
  5722 | D:6      | Found Bara Mokenu's Jewellery Shoppe.
  6126 | D:6      | Noticed Pikel
  6129 | D:6      | Noticed Eustachio
  6149 | D:5      | Banished Pikel
  6149 | D:5      | Reached skill level 5 in Axes
  6149 | D:5      | Reached skill level 5 in Armour
  6149 | D:5      | Reached skill level 5 in Invocations
  6574 | D:6      | Killed Eustachio
  6574 | D:6      | Reached XP level 9. HP: 43/75 MP: 13/13
  7208 | D:6      | Reached skill level 6 in Invocations
  7410 | D:6      | Bought a +3 ring of strength for 188 gold pieces
  7529 | D:6      | Found a basalt altar of Yredelemnul.
  7590 | D:7      | Noticed Prince Ribbit
  7595 | D:7      | Banished Prince Ribbit
  7643 | D:7      | HP: 3/75 [centaur (5)]
  8058 | D:7      | Reached skill level 7 in Invocations
  8059 | D:7      | Noticed a five-headed hydra
  8090 | D:7      | Banished a six-headed hydra
  8420 | D:7      | Found a bloodstained altar of Trog.
  8473 | D:6      | Found a shimmering altar of Xom.
  8473 | D:6      | Found a staircase to the Ecumenical Temple.
  8778 | D:7      | Reached XP level 10. HP: 49/84 MP: 15/15
  9372 | D:7      | Reached skill level 8 in Invocations
  9630 | D:7      | Found a sparkling altar of Nemelex Xobeh.
 10214 | D:8      | Reached **** piety under Lugonu
 10513 | D:8      | Found a glowing golden altar of the Shining One.
 10670 | D:8      | Found a staircase to the Lair.
 10938 | D:8      | Found Puil's General Store.
 10941 | D:8      | Bought a potion of mutation for 112 gold pieces
 10941 | D:8      | Bought a potion of mutation for 112 gold pieces
 11054 | D:8      | Gained mutation: Your magical capacity is low. (-10% MP)
                  | [potion of mutation]
 11054 | D:8      | Gained mutation: You are agile. (Dex +2) [potion of
                  | mutation]
 11054 | D:8      | Gained mutation: You are partially covered in rugged brown
                  | scales. (AC +1, +3% HP) [potion of mutation]
 11054 | D:8      | Gained mutation: You are partially covered in yellow
                  | scales. (AC +2) [potion of mutation]
 11055 | D:8      | Lost mutation: You are agile. (Dex +2) [potion of mutation]
 11055 | D:8      | Lost mutation: Your magical capacity is low. (-10% MP)
                  | [potion of mutation]
 11055 | D:8      | Gained mutation: You are robust. (+10% HP) [potion of
                  | mutation]
 11055 | D:8      | Lost mutation: You are partially covered in rugged brown
                  | scales. (AC +1, +3% HP) [potion of mutation]
 11055 | D:8      | Gained mutation: Your spells are a little harder to cast,
                  | but a little more powerful. [potion of mutation]
 11056 | D:8      | Lost mutation: You are partially covered in yellow scales.
                  | (AC +2) [potion of mutation]
 11056 | D:8      | Lost mutation: Your spells are a little harder to cast, but
                  | a little more powerful. [potion of mutation]
 11056 | D:8      | Lost mutation: You are robust. (+10% HP) [potion of
                  | mutation]
 11056 | D:8      | Gained mutation: You are surrounded by a mild repulsion
                  | field. (EV +2) [potion of mutation]
 11056 | D:8      | Gained mutation: You passively map a small area around you.
                  | [potion of mutation]
 11056 | D:8      | Gained mutation: You are clumsy. (Dex -2) [potion of
                  | mutation]
 11056 | D:8      | Gained mutation: You have an increased reservoir of magic.
                  | (+10% MP) [potion of mutation]
 11057 | D:8      | Lost mutation: You are surrounded by a mild repulsion
                  | field. (EV +2) [potion of mutation]
 11057 | D:8      | Lost mutation: You are clumsy. (Dex -2) [potion of
                  | mutation]
 11057 | D:8      | Lost mutation: You passively map a small area around you.
                  | [potion of mutation]
 11057 | D:8      | Lost mutation: You have an increased reservoir of magic.
                  | (+10% MP) [potion of mutation]
 11057 | D:8      | Gained mutation: You are partially covered in slimy green
                  | scales. (AC +2) [potion of mutation]
 11057 | D:8      | Gained mutation: You are weak. (Str -2) [potion of
                  | mutation]
 11057 | D:8      | Gained mutation: Your natural rate of healing is unusually
                  | fast. [potion of mutation]
 11057 | D:8      | Gained mutation: You have a pair of small horns on your
                  | head. [potion of mutation]
 11193 | D:9      | Found a radiant altar of Vehumet.
 11287 | D:9      | Noticed a two-headed ogre
 11334 | D:9      | Killed a two-headed ogre
 11603 | D:9      | Noticed a two-headed ogre
 11609 | D:9      | Killed a two-headed ogre
 11609 | D:9      | Reached XP level 11. HP: 62/92 MP: 17/17
 11710 | D:8      | Reached skill level 1 in Throwing
 11940 | D:9      | Reached skill level 9 in Invocations
 12232 | Lair:1   | Entered Level 1 of the Lair of Beasts
 12569 | Lair:1   | Noticed Fannar
 13291 | Lair:1   | Killed Fannar
 13550 | Lair:2   | Noticed a six-headed hydra
 13551 | Lair:2   | Banished a six-headed hydra
 13968 | Lair:2   | Noticed a death yak
 13968 | Lair:2   | Noticed a death yak
 14001 | Lair:1   | Killed a death yak
 14085 | Lair:1   | Killed a death yak
 14085 | Lair:1   | Reached XP level 12. HP: 41/103 MP: 19/19
 14808 | Lair:3   | Found a staircase to the Swamp.
 14891 | Lair:3   | Reached skill level 10 in Invocations
 14897 | Lair:3   | Lost mutation: You are partially covered in slimy green
                  | scales. (AC +2) [potion of mutation]
 14897 | Lair:3   | Lost mutation: You have a pair of small horns on your head.
                  | [potion of mutation]
 14897 | Lair:3   | Lost mutation: Your natural rate of healing is unusually
                  | fast. [potion of mutation]
 14897 | Lair:3   | Gained mutation: You have a pair of small horns on your
                  | head. [potion of mutation]
 14897 | Lair:3   | Gained mutation: You possess an exceptional clarity of
                  | mind. [potion of mutation]
 14931 | Lair:3   | Identified the Collected Works on the Mountains
 15421 | Lair:3   | Found a staircase to the Snake Pit.
 15939 | Lair:3   | Noticed Snorg
 16003 | Lair:3   | Killed Snorg
 16912 | Lair:3   | Slain by a spiny frog

Skill      XL: |  1  2  3  4  5  6  7  8  9 10 11 12 |
---------------+-------------------------------------+-----
Fighting       | 4 5 6 7 8 |  8.6
Axes           | 2 3 4 5 6 7 8 9 |  9.3
Invocations    | 3 4 5 7 8 9 10 | 10.5
Armour         | 2 3 5 6 7 8 9 |  9.5
Dodging        | 1 2 |  2.4
Shields        | 1 2 3 4 |  4.3
Throwing       | 1 |  1.3
Evocations     | |  0.7

Action                   |  1- 3 |  4- 6 |  7- 9 | 10-12 || total
-------------------------+-------+-------+-------+-------++-------
Melee: Hand axe          |       |   231 |   442 |   184 ||   857
       Kick              |       |    45 |   116 |   147 ||   308
       War axe           |       |       |       |   363 ||   363
       Headbutt          |       |       |       |    55 ||    55
Throw: Tomahawk          |       |       |       |    13 ||    13
Invok: Depart the Abyss  |       |     1 |       |       ||     1
       Banish            |       |       |    10 |     6 ||    16
       Bend Space        |       |       |     2 |     2 ||     4
Evoke: Wand              |     3 |     1 |    16 |     2 ||    22
  Use: Scroll            |       |    10 |     6 |    19 ||    35
       Potion            |       |     1 |     8 |     7 ||    16
  Eat: Chunk             |       |     3 |     9 |    13 ||    25
       Ration            |       |     1 |     3 |     5 ||     9
Armor: Chain mail        |       |   179 |   269 |   309 ||   757
       Leather armour    |       |     3 |       |       ||     3
Dodge: Dodged            |       |    24 |    54 |   104 ||   182
Block: Shield            |       |    77 |   199 |   248 ||   524
